 Dungeon Crawl Stone Soup version 0.29-a0-393-g47a863cc1b (webtiles) character file.

Game seed: 1493681541253411992

263 Lekart the Skirmisher (level 5, -3/50 HPs)
             Began as a Draconian Chaos Knight on May 10, 2022.
             Was a Plaything of Xom.
             Splashed by a jelly's acid (9 damage)
             ... on level 4 of the Dungeon.
             The game lasted 00:04:09 (3206 turns).

Lekart the Skirmisher (Draconian Chaos Knight)      Turns: 3206, Time: 00:04:10

Health: -3/50      AC: -3    Str: 17    XL:     5   Next: 97%
Magic:  5/5        EV: 12    Int: 12    God:    Xom [....*.]
Gold:   91         SH:  0    Dex: 12    Spells: 4/4 levels left

rFire   . . .      SeeInvis .   l - +1 quarterstaff (vorpal)
rCold   . . .      Faith    .   (shield currently unavailable)
rNeg    . . .      Spirit   .   (body armour unavailable)
rPois   .          Reflect  .   (helmet restricted)
rElec   .          Harm     .   (no cloak)
rCorr   .          Rampage  .   (no gloves)
Will    +....                   (no boots)
Stlth   +.........              (no amulet)
HPRegen 0.16/turn               (no ring)
MPRegen 0.09/turn               (no ring)

@: corroded, flying
A: AC +5, unfitting armour, cold-blooded, big wings, claws 1, strong-willed 1,
strong 1, evolution 1
a: Renounce Religion


You were on level 4 of the Dungeon.
You worshipped Xom.
You were a beloved toy of Xom.
You visited 1 branch of the dungeon, and saw 4 of its levels.

You collected 124 gold pieces.
You spent 33 gold pieces at shops.

Inventory:

Hand Weapons
 a - a +0 falchion of chaos
 l - a +1 vorpal quarterstaff (weapon)
Jewellery
 i - a ring of positive energy
Scrolls
 f - 4 scrolls of teleportation
 g - 3 scrolls of magic mapping
Potions
 c - a potion of resistance {unknown}
 e - 3 potions of heal wounds
 h - 2 potions of attraction
 j - 2 potions of mutation
 k - a potion of lignification
 m - 3 potions of magic
 n - a potion of might
 o - 2 potions of ambrosia
Miscellaneous
 b - a piece from Xom's chessboard (15/15) (quivered)


   Skills:
 * Level 5.7 Fighting
 + Level 4.1 Long Blades
 + Level 3.3 Dodging


You had 4 spell levels left.
You didn't know any spells.
Your spell library contained the following spells:

 Spells                   Type           Power      Damage    Failure   Level
 Anguish                  Hex/Necr       0%         N/A       97%         4
 Yara's Violent Unravell  Hex/Tmut       0%         3d3       100%        5
 Dragon Form              Tmut           0%         N/A       100%        7


Dungeon Overview and Level Annotations

Branches:
Dungeon (4/15)
 Temple: D:4-7

Altars:
Hepliaklqana
Kikubaaqudgha

Shops:
D:1 !   D:3 ?


Innate Abilities, Weirdness & Mutations

Your plain brown scales are hard. (AC +5)
You cannot fit into any form of body armour.
You are cold-blooded and may be slowed by cold attacks.
Your large and strong wings let you fly.
You have sharp fingernails.
You are strong-willed. (Will+)
Your muscles are strong. (Str +2)
You have hidden genetic potential.


Message History

The hound is lightly wounded.
The hound bites you but does no damage. The jelly hits you but does no damage.
The hound bites you. The jelly closely misses you.
You closely miss the hound.
The hound is lightly wounded.
The hound barely misses you. The jelly barely misses you. The hound bites you.
You hit the hound.
The hound is heavily wounded.
The hound completely misses you. The jelly hits you.
You are splashed with acid.
The hound bites you.
You hit the hound.
The hound is almost dead.
The hound closely misses you. The jelly closely misses you.
The hound bites you.
You thump the hound!
You kill the hound!
The jelly hits you. The acid corrodes you!
You are splashed with acid!
The jelly barely misses you.
You are too injured to fight recklessly!
You are too injured to fight recklessly!
You are too injured to fight recklessly!
You hit the jelly but do no damage.
Your claws burn!
You tail-slap the jelly, but do no damage.
The jelly hits you.
You are splashed with acid!
* * * LOW HITPOINT WARNING * * *
You hit the jelly.
Your claws burn!
* * * LOW HITPOINT WARNING * * *
You tail-slap the jelly.
The jelly is moderately wounded.
The jelly misses you.
You hit the jelly but do no damage.
Your claws burn!
* * * LOW HITPOINT WARNING * * *
The jelly is moderately wounded.
The jelly barely misses you. The jelly closely misses you.
The jelly attacks as you move away! The jelly barely misses you.
The jelly attacks as you move away! The jelly hits you.
* * * LOW HITPOINT WARNING * * *
The acid corrodes you!
You are splashed with acid!
You die...
Xom is highly amused!

##(######### ##...#
#....## ###.....#
#.......## #.........##
#........†.#
...........##
..>.....@...#
[........J..##
##..[.............#
##..............†..#
###...................#
......................#
#.....................#
#......................#
#......................#


You could see a jelly.

Vanquished Creatures
  A wyvern (D:4)
  A hound (D:4)
  4 adders
  4 dart slugs
  An orc (D:4)
  6 ball pythons
  5 bats
  4 endoplasms
  A giant cockroach (D:1)
  A goblin (D:1)
  2 hobgoblins
  3 jackals (D:4)
  2 quokkas
  3 frilled lizards
  A kobold (D:3)
  5 rats
44 creatures vanquished.

Vanquished Creatures (collateral kills)
  A kobold (D:1)
1 creature vanquished.

Grand Total: 45 creatures vanquished

Notes
Turn   | Place    | Note
-------+----------+-------------------------------------------
     0 | D:1      | Lekart the Draconian Chaos Knight began the quest for the
                  | Orb.
     0 | D:1      | Reached XP level 1. HP: 19/19 MP: 1/1
    40 | D:1      | Found Micubip's Distillery.
   156 | D:1      | Found a faded altar of an unknown god.
   236 | D:1      | XOM: potion effect (might)
   239 | D:1      | Reached XP level 2. HP: 18/26 MP: 2/2
   240 | D:1      | XOM: cast spell 'Summon Ice Beast'
   817 | D:1      | XOM: divination: detect creatures
   963 | D:2      | Reached skill level 4 in Fighting
   963 | D:2      | Reached XP level 3. HP: 33/33 MP: 3/3
  1017 | D:2      | Got the Disquisition on Mutagenic Malediction
  1667 | D:2      | XOM: god gift: potion of heal wounds
  1734 | D:3      | XOM is BORED!
  1734 | D:3      | XOM: 8-stop teleportation journey
  2033 | D:3      | Found a hazy altar of Hepliaklqana.
  2100 | D:3      | Found an ancient bone altar of Kikubaaqudgha.
  2367 | D:3      | Found Pynuas's Magic Scroll Shop.
  2370 | D:3      | Bought a scroll of teleportation for 33 gold pieces
  2515 | D:3      | Reached XP level 4. HP: 32/41 MP: 4/4
  2651 | D:3      | XOM: silly message
  2941 | D:4      | XOM: destruction
  3026 | D:4      | XOM: give mutations
  3026 | D:4      | Gained mutation: You are strong-willed. (Will+) [Xom's
                  | grace]
  3026 | D:4      | Gained mutation: You have hidden genetic potential. [Xom's
                  | grace]
  3026 | D:4      | Gained mutation: Your large and strong wings let you fly.
                  | [Xom's grace]
  3026 | D:4      | Gained mutation: You have sharp fingernails. [Xom's grace]
  3028 | D:4      | Noticed a wyvern
  3032 | D:4      | XOM: butterfly on damage
  3041 | D:4      | XOM: butterfly on damage
  3043 | D:4      | Killed a wyvern
  3044 | D:4      | Reached skill level 5 in Fighting
  3044 | D:4      | Reached XP level 5. HP: 25/49 MP: 5/5
  3050 | D:4      | Gained mutation: Your muscles are strong. (Str +2) [hidden
                  | potential]
  3206 | D:4      | Splashed by a jelly's acid

Illustrated notes

Levels and vault maps discovered:
D:1:      psy_arrival_fountain, layout_loops_ring, serial_shops,
          nicolae_shop_waterfront, dreamdust_ecumenical_altar_grove
D:2:      layout_basic, kennysheep_small_spiral, small_statue_intersection
D:3:      layout_loops_ring, mainiacjoe_overflow_big_doors, serial_shops,
          nicolae_shop_behind_doors
D:4:      layout_cave_pods, uniq_ijyb

Skill      XL: |  1  2  3  4 |
---------------+-------------+-----
Fighting       | 4 5 |  5.7
Long Blades    | 4 |  4.1
Dodging        | 3 |  3.3

Action                   |  1- 3 |  4- 6 || total
-------------------------+-------+-------++-------
Melee: Falchion          |    36 |       ||    36
       Quarterstaff      |    59 |    37 ||    96
       Tailslap          |     6 |     5 ||    11
  Use: Scroll            |    11 |     4 ||    15
       Potion            |       |     3 ||     3
 Stab: Sleeping          |     2 |       ||     2
Armor: Skin              |    30 |     9 ||    39
Dodge: Dodged            |    79 |    45 ||   124

Table legend: (Time is in decaauts)
 A = Elapsed time spent in this place.
 B = Non-inter-level travel time spent in this place.
 C = Inter-level travel time spent in this place.
 D = Time resting spent in this place.
 E = Time spent auto-exploring this place.
 F = Levels seen in this place.
 G = Mean time per level.
                   A        B        C        D        E       F      G
               +--------+--------+--------+--------+--------+-----+--------+
         Total |   3240 |   3114 |    126 |     83 |   2638 |   4 |  810.0 |
       Dungeon |   3240 |   3114 |    126 |     83 |   2638 |   4 |  810.0 |
               +--------+--------+--------+--------+--------+-----+--------+

Top non-repeatable levels by time:
     D:3: 1131 daAuts
     D:1: 954 daAuts
     D:2: 728 daAuts
     D:4: 425 daAuts
